 Dungeon Crawl Stone Soup version 0.19.1 (webtiles) character file.

171 Peloso the Covered (level 5, 0/41 HPs)
             Began as a Demonspawn Fighter on Dec 22, 2016.
             Slain by sheala's ghost (3 damage)
             ... on level 4 of the Dungeon.
             The game lasted 00:08:26 (2543 turns).

Peloso the Covered (Demonspawn Fighter)             Turns: 2543, Time: 00:08:26

Health: 0/41       AC: 15    Str: 17    XL:     5   Next: 26%
Magic:  5/5        EV:  5    Int:  9    God:
Gold:   244        SH:  9    Dex: 13    Spells: 0 memorised, 4 levels left

rFire  + . .     SeeInvis .     a - +0 long sword
rCold  . . .     Gourm    .     t - +3 chain mail {rF+}
rNeg   . . .     Faith    +     c - +0 shield
rPois  .         Spirit   .     (no helmet)
rElec  .         Reflect  .     (no cloak)
rCorr  .         Harm     .     o - +0 pair of gloves
MR     .....                    (no boots)
Stlth  ..........               g - amulet of faith
                                (no ring)
                                j - ring of wizardry

@: lethally poisoned (0 -> -42), glowing
A: iridescent scales 1, powered by pain 1
a: no special abilities


You were on level 4 of the Dungeon.
You were hungry.

You visited 1 branch of the dungeon, and saw 4 of its levels.

You collected 244 gold pieces.

Inventory:

Hand Weapons
 a - a +0 long sword (weapon)
 m - a +1 whip of pain
 q - a +0 hand axe of freezing
Armour
 b - a +0 scale mail
 c - a +0 shield (worn)
 o - a +0 pair of gloves (worn)
 t - a +3 chain mail of fire resistance (worn)
Jewellery
 g - an amulet of faith (around neck)
 j - a ring of wizardry (left hand)
Scrolls
 e - a scroll of blinking {unknown}
 h - a scroll of remove curse {unknown}
 i - a scroll of immolation {unknown}
 k - a scroll of recharging {unknown}
 l - a scroll of enchant weapon {unknown}
 p - a scroll of magic mapping {unknown}
 r - 3 scrolls of fear {unknown}
 v - a scroll of amnesia {unknown}
 x - a scroll of identify {unknown}
Potions
 d - a potion of might
 u - a potion of resistance
Books
 s - a book of Changes

   Spells                             Type                      Level
   a - Beastly Appendage              Transmutation                1
   b - Sticks to Snakes               Transmutation                2
   c - Spider Form                    Transmutation/Poison         3
   d - Ice Form                       Ice/Transmutation            4
   e - Blade Hands                    Transmutation                5
Comestibles
 f - 2 bread rations
 n - 2 chunks of flesh
 w - a beef jerky


   Skills:
 + Level 3.5 Fighting
 + Level 3.0 Long Blades
 + Level 3.7 Armour
 + Level 0.5 Dodging
 + Level 0.2 Stealth
 + Level 3.4 Shields


You had 4 spell levels left.
You didn't know any spells.

Dungeon Overview and Level Annotations

Branches:
Dungeon (4/15)             Temple (0/1) D:4

Altars:

Annotations:
D:4 sheala's ghost, amateur DEEn


Innate Abilities, Weirdness & Mutations

You are partially covered in iridescent scales. (AC +2)
You sometimes gain a little power by taking damage.


Message History

Sheala's ghost hits you but does no damage.
You are more poisoned.
You closely miss sheala's ghost.
You feel less confused.
* * * LOW HITPOINT WARNING * * *
You feel very sick.
Sheala's ghost gestures at you while chanting.
You are outlined in light.
You closely miss sheala's ghost.
* * * LOW HITPOINT WARNING * * *
You feel very sick. You block sheala's ghost's attack.
Sheala's ghost hits you but does no damage.
You are more poisoned.
You slash sheala's ghost!
Sheala's ghost is moderately damaged.
* * * LOW HITPOINT WARNING * * *
You feel very sick. Sheala's ghost hits you.
You die...

####.##.###.## .#
#............. ...
###...........###
.....................
....###..............
............<.......
.............#..#...
.>.........W....#.##
.#####.#†.@........#
#..<........#.#
#.#.......#.#
#.#...........
................
##......##.#####
###.#.## .# #.#.# .
#.#.# #


You could see sheala's ghost.

Vanquished Creatures
  A scorpion (D:4)
  Terence (D:2)
  3 adders
  An ooze (D:1)
  A dart slug (D:1)
  4 leopard geckos
  4 orcs (D:3)
  2 giant cockroaches
  4 goblins
  9 hobgoblins
  3 jackals (D:2)
  10 kobolds
  A quokka (D:2)
  2 ball pythons (D:3)
  5 bats
  3 frilled lizards
  A leopard gecko skeleton (D:3)
  2 rats
57 creatures vanquished.

Notes
Turn   | Place    | Note
-------+----------+-------------------------------------------
     0 | D:1      | Peloso the Demonspawn Fighter began the quest for the Orb.
     0 | D:1      | Reached XP level 1. HP: 18/18 MP: 1/1
   115 | D:1      | Gained mutation: You sometimes gain a little power by taking damage. [demonic ancestry]
   115 | D:1      | Reached XP level 2. HP: 23/24 MP: 2/2
   333 | D:1      | Reached XP level 3. HP: 20/29 MP: 3/3
  1139 | D:2      | Noticed Terence
  1159 | D:2      | Killed Terence
  1159 | D:2      | Gained mutation: You are partially covered in iridescent scales. (AC +2) [demonic ancestry]
  1159 | D:2      | Reached XP level 4. HP: 29/35 MP: 4/4
  2421 | D:4      | Found a staircase to the Ecumenical Temple.
  2443 | D:4      | Reached XP level 5. HP: 7/41 MP: 5/5
  2495 | D:4      | Noticed sheala's ghost (amateur DEEn)
  2543 | D:4      | Slain by sheala's ghost

Skill      XL: |  1  2  3  4 |
---------------+-------------+-----
Armour         | 3 |  3.7
Long Blades    | 2 3 |  3.0
Shields        | 3 |  3.4
Fighting       | |  3.5
Dodging        | |  0.5
Stealth        | |  0.2

Action                   |  1- 3 |  4- 6 || total
-------------------------+-------+-------++-------
Melee: Long sword        |   125 |   126 ||   251
  Use: Potion            |       |     5 ||     5
  Eat: Chunk             |       |     5 ||     5
Armor: Scale mail        |    58 |       ||    58
       Chain mail        |       |    86 ||    86
Dodge: Dodged            |    49 |    30 ||    79
Block: Shield            |    64 |    75 ||   139
       Rpst.: Long sword |    15 |    13 ||    28
